 Dungeon Crawl Stone Soup version 0.28.0 (webtiles) character file.

Game seed: 6032707055604168020

4 Dirian the Shield-Bearer (level 1, 15/15 HPs)
             Began as a Hill Orc Wanderer on Feb 15, 2022.
             Was a Follower of Sif Muna.
             Got out of the dungeon alive.
             The game lasted 00:00:46 (297 turns).

Dirian the Shield-Bearer (Hill Orc Wanderer)         Turns: 297, Time: 00:00:47

Health: 15/15      AC:  4    Str: 15    XL:     1   Next: 60%
Magic:  1/1        EV: 11    Int:  8    God:    Sif Muna [*.....]
Gold:   10         SH:  7    Dex: 13    Spells: 0/0 levels left

rFire   . . .      SeeInvis .   a - +0 club
rCold   . . .      Faith    .   e - +2 buckler
rNeg    . . .      Spirit   .   d - +0 leather armour
rPois   .          Reflect  .   g - +0 helmet
rElec   .          Harm     .   (no cloak)
rCorr   .          Rampage  .   (no gloves)
Will    .....                   (no boots)
Stlth   +.........              (no amulet)
HPRegen 0.05/turn               (no ring)
MPRegen 0.07/turn               (no ring)

@: no status effects
A: no striking features
a: Renounce Religion, Channel Magic


You escaped.
You worshipped Sif Muna.
Sif Muna was aware of your devotion.
You visited 1 branch of the dungeon, and saw 1 of its levels.

You collected 10 gold pieces.

Inventory:

Hand Weapons
 a - a +0 club (weapon)
Armour
 c - a +0 helmet
 d - a +0 leather armour (worn)
 e - a +2 buckler (worn)
 g - a +0 helmet (worn)
Scrolls
 b - a scroll of amnesia {unknown}
 t - a scroll of teleportation
Potions
 f - a potion of lignification {unknown}


   Skills:
 + Level 0.3 Fighting
 * Level 0.8 Axes
 + Level 1.2 Armour
 - Level 2.4 Dodging
 + Level 5.5 Shields
 - Level 1.1 Unarmed Combat


You couldn't memorise any spells.
You didn't know any spells.
Your spell library was empty.

Dungeon Overview and Level Annotations

Branches:
Dungeon (1/15)

Altars:
Sif Muna


Message History

The jackal is almost dead.
The jackal bites you. The jackal barely misses you.
You hit the jackal.
You kill the jackal!
A bat comes into view.
The bat moves out of view.
A bat is nearby!
A bat is nearby!
You are too injured to fight recklessly!
The bat closely misses you.
Found a helmet.
The bat hits you but does no damage. The bat barely misses you.
You hit the bat.
You kill the bat!
You see here a +0 helmet.
You start removing your armour.
You continue taking off your +0 helmet. x4
You finish taking off your +0 helmet.
You start putting on your armour.
You continue putting on your +0 helmet. x5
You finish putting on your +0 helmet.
You start resting.
HP restored.
You open the door.
Found 10 gold pieces.
Found a faded altar of an unknown god.
There is an open door here.
You now have 10 gold pieces.
There is a faded altar of an unknown god here.
You cannot tell which god this altar belongs to.
Convert to them anyway?
Sif Muna accepts your prayer! Sif Muna welcomes you!
You can now call upon Sif Muna for magical energy.
There is an open door here.
Found 11 gold pieces.
You see here a bat corpse.
There is an open gate here.
There is an open door here.
There is an open door here.
There is an open door here.
There is a staircase leading out of the dungeon here.
Are you sure you want to leave the Dungeon?
This will make you lose the game!
You have escaped!

# #
################## #
#.....#...≈≈≈≈...# #
#..@..#..........###
#.....#....≈≈....#8.
#'#####..........'..
#.#♣♣.'..........'..
#.#♣.♣#......§...'..
#.#♣.♣#....≈≈....#8.
#.'.♣♣#..........#..
#♣#♣♣ #...≈≈≈≈...#.#
############.#


There were no monsters in sight!

Vanquished Creatures
  A bat (D:1)
  2 jackals (D:1)
3 creatures vanquished.

Notes
Turn   | Place    | Note
-------+----------+-------------------------------------------
     0 | D:1      | Dirian the Hill Orc Wanderer began the quest for the Orb.
     0 | D:1      | Dirian set off with the following items: a +0 club, a +0
                  | helmet, a +0 leather armour, a +2 buckler, a scroll of
                  | teleportation
     0 | D:1      | Reached XP level 1. HP: 14/14 MP: 1/1
   251 | D:1      | Found a faded altar of an unknown god.
   258 | D:1      | Prayed at the altar of an unknown god.
   258 | D:1      | Became a worshipper of Sif Muna the Loreminder
   258 | D:1      | Reached * piety under Sif Muna
   297 | D:$      | Got out of the dungeon alive.

Illustrated notes

Levels and vault maps discovered:
D:1:      scummos_arrival_gate, layout_basic,
          dreamdust_ecumenical_altar_angels_and_demons, lexackson_kobold_supper

Action                   || total
-------------------------++-------
Melee: Club              ||    20
Armor: Leather armour    ||     7
Dodge: Dodged            ||    14
Block: Buckler           ||    15
